 Dungeon Crawl Stone Soup version 0.20-a0-939-g04f5055 (webtiles) character file.

19677 Wendigo the Impaler (level 12, -9/98 HPs)
             Began as a Merfolk Skald on Mar 30, 2017.
             Was a High Priest of Okawaru.
             Mangled by a sun demon (11 damage)
             ... in a volcano.
             The game lasted 00:49:04 (17472 turns).

Wendigo the Impaler (Merfolk Skald)                Turns: 17472, Time: 00:49:05

Health: -9/98      AC:  9    Str: 15    XL:     12   Next: 71%
Magic:  5/16       EV: 17    Int: 17    God:    Okawaru [*****.]
Gold:   728        SH:  0    Dex: 14    Spells: 8/15 levels left

rFire    . . .     SeeInvis .   s - +1 glaive
rCold    + . .     Gourm    .   (shield currently unavailable)
rNeg     . . .     Faith    .   V - +0 troll leather armour
rPois    .         Spirit   .   (no helmet)
rElec    .         Reflect  .   o - +1 cloak
rCorr    .         Harm     .   l - +1 pair of gloves
MR       .....                  e - +0 pair of boots
Stlth    +.........             E - amulet of regeneration
Regen    1.1/turn               q - ring of protection from cold
MPRegen  0.2/turn               G - +4 ring of intelligence

@: very slightly contaminated
A: change form in water, swift swim, stealthy swim
a: Heroism, Finesse, Renounce Religion


You were in a volcano.
You worshipped Okawaru.
Okawaru was extremely pleased with you.
You were very hungry.

You visited 3 branches of the dungeon, and saw 14 of its levels.
You also visited: Volcano.

You collected 728 gold pieces.

Inventory:

Hand Weapons
 a - a +0 spear
 j - a +0 trident
 s - a +1 glaive (weapon)
Missiles
 P - 2 needles of sleeping
Armour
 e - a +0 pair of boots (worn)
 l - a +1 pair of gloves (worn)
 o - a +1 cloak (worn)
 t - a +1 robe of magic resistance
 I - a +1 ring mail of magic resistance
 R - a +4 ring mail
 V - a +0 troll leather armour (worn)
Jewellery
 q - a ring of protection from cold (left hand)
 E - an amulet of regeneration (around neck)
 G - a +4 ring of intelligence (right hand)
Wands
 m - a wand of random effects (23/48)
 r - a wand of acid (7/15)
 x - a wand of confusion (48/48)
 H - a wand of paralysis (16/24)
 K - a wand of disintegration (17/24)
 M - a wand of enslavement (5/24)
 U - a wand of iceblast (7/15)
Scrolls
 b - 2 scrolls of teleportation
 w - a scroll of amnesia
 B - a scroll of recharging
 C - a scroll of magic mapping
 D - 4 scrolls of remove curse
 J - 2 scrolls of identify
 L - a scroll of enchant armour
 T - a scroll of blinking
Potions
 g - a potion of haste
 k - 2 potions of lignification
 n - 2 potions of flight
 p - a potion of agility
 u - 2 potions of might
 v - 7 potions of curing
 z - 3 potions of mutation
 A - a potion of berserk rage {unknown}
Books
 c - a book of Battle

   Spells                             Type                      Level
   a - Infusion                       Charms                       1
   b - Shroud of Golubria             Charms/Translocation         2
   c - Song of Slaying                Charms                       2
   d - Spectral Weapon                Hexes/Charms                 3
   e - Regeneration                   Charms/Necromancy            3
 f - a book of Misfortune

   Spells                             Type                      Level
   a - Confusing Touch                Hexes                        1
   b - Confuse                        Hexes                        3
   c - Gell's Gravitas                Translocation                3
   d - Petrify                        Transmutation/Earth          4
   e - Metabolic Englaciation         Hexes/Ice                    5
   f - Yara's Violent Unravelling     Hexes/Transmutation          5
 y - a book of Clouds

   Spells                             Type                      Level
   a - Poisonous Vapours              Poison/Air                   2
   b - Mephitic Cloud                 Conjuration/Poison/Air       3
   c - Conjure Flame                  Conjuration/Fire             3
   d - Freezing Cloud                 Conjuration/Ice/Air          6
   e - Ring of Flames                 Charms/Fire                  7
 F - a book of Fire

   Spells                             Type                      Level
   a - Ignite Poison                  Fire/Transmutation/Poison    3
   b - Fireball                       Conjuration/Fire             5
   c - Bolt of Fire                   Conjuration/Fire             6
   d - Ring of Flames                 Charms/Fire                  7
   e - Ignition                       Fire                         8
 S - a book of Callings

   Spells                             Type                      Level
   a - Summon Small Mammal            Summoning                    1
   b - Call Imp                       Summoning                    2
   c - Call Canine Familiar           Summoning                    3
   d - Summon Guardian Golem          Hexes/Summoning              3
   e - Summon Lightning Spire         Summoning/Air                4
   f - Summon Ice Beast               Ice/Summoning                4
Comestibles
 d - 13 bread rations
 h - 14 fruits
 i - 5 meat rations


   Skills:
 + Level 10.4 Fighting
 - Level 20.0 Polearms
 - Level 0.6 Armour
 + Level 9.4 Dodging
 - Level 2.0 Spellcasting
 - Level 2.4 Hexes
 - Level 5.5 Charms
 - Level 2.0 Necromancy
 - Level 5.3 Invocations


You had 8 spell levels left.
You knew the following spells:

 Your Spells              Type           Power        Failure   Level  Hunger
a - Infusion              Chrm           ###.         2%          1    #......
b - Spectral Weapon       Hex/Chrm       ###.....     17%         3    ###....
c - Regeneration          Chrm/Necr      ##........   17%         3    ###....


Dungeon Overview and Level Annotations

Branches:
Dungeon (12/15)            Temple (1/1) D:4            Lair (1/6) D:11
    Orc: D:9-12

Altars:
Ashenzari
Cheibriados
Dithmenos
Elyvilon
Fedhas
Gozag
Hepliaklqana
Kikubaaqudgha
Makhleb
Nemelex Xobeh
Okawaru
Qazlal
Ru
Sif Muna
Trog
Uskayaw
Vehumet
Wu Jian
Xom
Yredelemnul
Zin
The Shining One

Shops:
D:6 :   D:11 [

Annotations:
D:2 exclusion: downstairs
D:3 exclusion: downstairs
D:4 exclusion: 2 downstairs
D:6 exclusion: downstairs
D:10 exclusion: downstairs


Message History

The blast of flame hits the sun demon.
The sun demon completely resists.
The blast of flame hits you!
* * * LOW HITPOINT WARNING * * *
The red devil closely misses you. The sun demon misses you.
You feel much better. The sun demon hits you.
You are engulfed in flames!
The red devil hits you from afar with a trident of flaming!
* * * LOW HITPOINT WARNING * * *
The red devil burns you.
* * * LOW HITPOINT WARNING * * *
The hell hound breathes flames at you.
The blast of flame hits the sun demon.
The sun demon completely resists.
The blast of flame hits you!
* * * LOW HITPOINT WARNING * * *
The blast of flame hits your spectral weapon.
Your spectral weapon resists.
Your spectral weapon shares its damage with you!
* * * LOW HITPOINT WARNING * * *
The sun demon hits you but does no damage.
You fail to use your ability.
The red devil misses you. The sun demon hits you!
You die...

≈§≈§§§≈≈§≈§§§§≈§§§≈≈≈≈≈≈≈≈≈≈§.≈≈≈
§≈≈≈≈≈§≈.......§§........≈..≈≈...
≈≈≈§≈§≈§########'########.≈§≈≈≈≈≈
§§≈≈≈≈≈§# #.# #.§≈≈≈§≈≈ §≈§≈≈≈≈§#
#.# #§§≈≈≈≈≈≈ ≈§§§§≈§.# #.#
#§§≈≈≈≈≈≈ ≈≈§≈§§≈.# #.# #.§§≈≈≈≈≈
§≈§§≈≈≈.# #(# #§§≈≈≈≈§§ §≈§§§§≈.#
#@# #.§§§≈≈≈§ §≈≈§≈≈≈.# #3# #.§
≈≈§≈ ≈§§≈≈≈≈.#


4hh ≈≈ ≈S .8_8. +.....+ §§ ####### §S§ ≈≈§§≈ ≈≈≈ ≈≈≈§≈≈ ≈§≈§≈ ≈§≈≈≈§ You could
see a sun demon, a red devil, 2 hell hounds and a friendly spectral glaive.

Vanquished Creatures
  A hydra (Lair:1)
  3 two-headed ogres
  A tengu warrior (D:9)
  The ghost of grippy the Basher, a novice GrFi of the Shining One (D:9)
  The ghost of Nattefrost the Martial Artist, a novice DsMo of Cheibriados (D:8)
  The ghost of claquette the Skirmisher, a novice TrBe of Trog (D:6)
  Pikel (D:4)
  An ugly thing (D:10)
  A cyclops (D:11)
  The ghost of Haddockses the Chopper, a novice MiBe of Trog (D:5)
  A gargoyle (D:11)
  Maurice (D:9)
  4 centaur skeletons
  A komodo dragon (Lair:1)
  2 hellwings (D:8)
  2 trolls
  The ghost of Paps the Chopper, an amateur MiFi of Gozag (D:4)
  Prince Ribbit (D:7)
  2 hippogriffs
  A spriggan (D:8)
  11 yaks
  2 basilisks
  A porcupine (Lair:1)
  Duvessa (D:7)
  2 water moccasins (D:10)
  6 sky beasts
  A slave (D:4)
  2 black bears
  2 phantoms
  4 ice beasts
  4 orc warriors
  4 ogres
  6 crocodiles
  5 centaurs
  3 wyvern zombies
  A big kobold (D:9)
  12 bullfrogs
  A gnoll sergeant (D:11)
  A water moccasin skeleton (D:6)
  Dowan (D:7)
  12 wights
  4 crimson imps
  6 lava snakes (Volcano)
  4 centaur zombies (D:8)
  A bullfrog zombie (D:10)
  Crazy Yiuf (D:4)
  2 jellies (D:5)
  6 hounds
  7 orc priests
  Terence (D:3)
  A gnoll shaman (D:6)
  An iron imp (D:6)
  13 orc wizards
  A bullfrog skeleton (D:5)
  Ijyb (D:4)
  4 iguanas
  5 worker ants
  A worker ant zombie (D:8)
  13 gnolls
  17 adders
  6 shadow imps
  An adder zombie (D:8)
  An adder skeleton (D:6)
  3 worms
  A dart slug (D:2)
  6 leopard geckos
  41 orcs
  6 giant cockroaches
  8 goblins
  5 hobgoblins
  19 jackals
  16 kobolds
  2 quokkas
  A ball python (D:2)
  4 bats
  10 frilled lizards
  A quokka zombie (D:10)
  12 rats
342 creatures vanquished.

Vanquished Creatures (others)
  A jackal (D:4)
  3 plants (D:10)
  6 spectral weapons
  5 toadstools (D:1)
  3 withered plants (D:8)
18 creatures vanquished.

Grand Total: 360 creatures vanquished

Notes
Turn   | Place    | Note
-------+----------+-------------------------------------------
     0 | D:1      | Wendigo the Merfolk Skald began the quest for the Orb.
     0 | D:1      | Reached XP level 1. HP: 16/16 MP: 3/3
   152 | D:1      | Reached skill level 4 in Polearms
   152 | D:1      | Reached XP level 2. HP: 18/22 MP: 5/5
  1073 | D:2      | Reached XP level 3. HP: 27/27 MP: 3/6
  1126 | D:2      | Reached skill level 5 in Polearms
  1222 | D:2      | Found a hide-covered altar of Uskayaw.
  1887 | D:2      | Reached skill level 6 in Polearms
  1887 | D:2      | Reached XP level 4. HP: 18/33 MP: 3/7
  1892 | D:2      | Learned a level 3 spell: Spectral Weapon
  1896 | D:2      | Learned a level 3 spell: Regeneration
  2891 | D:3      | Noticed Terence
  2926 | D:3      | HP: 1/33 [Terence/mace of protection (7)]
  2938 | D:3      | HP: 1/33 [Terence/mace of protection (2)]
  2941 | D:3      | Killed Terence
  3274 | D:3      | Reached XP level 5. HP: 34/38 MP: 8/8
  3551 | D:3      | Reached skill level 7 in Polearms
  4722 | D:4      | Noticed Paps's ghost (amateur MiFi)
  4751 | D:4      | Killed Paps's ghost
  4751 | D:4      | Reached skill level 1 in Hexes
  4751 | D:4      | Reached skill level 1 in Necromancy
  4751 | D:4      | Reached XP level 6. HP: 17/44 MP: 3/9
  5039 | D:4      | Noticed Ijyb
  5043 | D:4      | Reached skill level 5 in Charms
  5048 | D:4      | Killed Ijyb
  5121 | D:4      | Found a staircase to the Ecumenical Temple.
  5134 | Temple   | Entered the Ecumenical Temple
  5208 | D:4      | Reached XP level 7. HP: 23/50 MP: 6/10
  5385 | D:4      | Found a stormy altar of Qazlal.
  5817 | D:4      | Noticed Pikel
  6325 | D:4      | Reached skill level 8 in Polearms
  6587 | D:4      | Found a runed door.
  6713 | D:4      | Killed Pikel
  6713 | D:4      | Reached skill level 10 in Polearms
  6713 | D:4      | Reached XP level 8. HP: 52/56 MP: 2/11
  6895 | D:4      | Noticed Crazy Yiuf
  6899 | D:4      | Paralysed by Crazy Yiuf for 5 turns
  6903 | D:4      | HP: 2/56 [Crazy Yiuf/quarterstaff of chaos (9)]
  6906 | D:4      | Killed Crazy Yiuf
  6906 | D:4      | Reached skill level 11 in Polearms
  7288 | D:5      | Entered Level 5 of the Dungeon
  7723 | D:5      | Noticed Haddockses's ghost (novice MiBe)
  8302 | D:5      | Reached skill level 12 in Polearms
  9323 | D:5      | Killed Haddockses's ghost
  9323 | D:5      | Reached skill level 13 in Polearms
  9323 | D:5      | Reached XP level 9. HP: 60/61 MP: 8/12
  9457 | D:5      | Reached skill level 14 in Polearms
  9631 | D:6      | Found a white marble altar of Elyvilon.
  9682 | D:6      | Became a worshipper of Elyvilon the Healer
  9738 | D:6      | Noticed claquette's ghost (novice TrBe)
  9754 | D:6      | Killed claquette's ghost
  9754 | D:6      | Reached skill level 15 in Polearms
 10011 | D:6      | Found a snail-covered altar of Cheibriados.
 10074 | D:6      | Found Komarr's Book Shop.
 10140 | D:6      | Reached skill level 16 in Polearms
 10731 | D:7      | Found a glowing silver altar of Zin.
 10766 | D:7      | Noticed Dowan
 10770 | D:7      | Noticed Duvessa
 10785 | D:6      | Reached XP level 10. HP: 63/67 MP: 9/13
 10878 | D:7      | Noticed Prince Ribbit
 10891 | D:7      | Killed Prince Ribbit
 11001 | D:7      | Reached * piety under Elyvilon
 11025 | D:7      | Reached skill level 17 in Polearms
 11029 | D:7      | Killed Dowan
 11653 | D:7      | Reached skill level 1 in Invocations
 11670 | D:7      | Found a shimmering altar of Xom.
 11730 | D:7      | Killed Duvessa
 11836 | D:8      | Noticed a two-headed ogre
 12108 | D:8      | Reached skill level 18 in Polearms
 12273 | D:8      | Killed a two-headed ogre
 12273 | D:8      | Reached skill level 5 in Fighting
 12273 | D:8      | Reached XP level 11. HP: 64/80 MP: 7/14
 12568 | D:8      | Reached skill level 5 in Invocations
 12655 | D:8      | Noticed Nattefrost's ghost (novice DsMo)
 12669 | D:8      | Killed Nattefrost's ghost
 12677 | D:8      | Found an iron altar of Okawaru.
 12697 | D:8      | Fell from the grace of Elyvilon
 12697 | D:8      | Became a worshipper of Warmaster Okawaru
 12973 | D:9      | Noticed a tengu warrior
 12987 | D:9      | Killed a tengu warrior
 12987 | D:9      | Reached skill level 19 in Polearms
 13090 | D:9      | Reached * piety under Okawaru
 13194 | D:9      | Noticed Maurice
 13203 | D:9      | Killed Maurice
 13263 | D:9      | Found a shimmering altar of Xom.
 13267 | D:9      | Found a shimmering altar of Xom.
 13269 | D:9      | Found a shimmering altar of Xom.
 13270 | D:9      | Found a shimmering altar of Xom.
 13274 | D:9      | Noticed grippy's ghost (novice GrFi)
 13315 | D:9      | Noticed a two-headed ogre
 13411 | D:9      | Killed grippy's ghost
 13416 | D:9      | Killed a two-headed ogre
 13416 | D:9      | Reached ** piety under Okawaru
 13676 | D:9      | Found a glowing golden altar of the Shining One.
 13676 | D:9      | Found a deep blue altar of Sif Muna.
 13967 | D:10     | Entered Level 10 of the Dungeon
 14015 | D:10     | Reached *** piety under Okawaru
 14124 | D:10     | Reached skill level 20 in Polearms
 14308 | D:10     | Noticed a white ugly thing
 14315 | D:10     | Killed a white ugly thing
 14315 | D:10     | Reached skill level 5 in Dodging
 14315 | D:10     | Reached XP level 12. HP: 81/92 MP: 12/16
 14917 | D:10     | Received a gift from Okawaru
 15316 | D:11     | Found a staircase to the Lair.
 15547 | D:11     | Found a shattered altar of Ashenzari.
 15982 | D:11     | Noticed a two-headed ogre
 16028 | D:11     | Killed a two-headed ogre
 16028 | D:11     | Reached **** piety under Okawaru
 16277 | D:11     | Found Oxuet's Armour Shop.
 16684 | Lair:1   | Entered Level 1 of the Lair of Beasts
 16693 | Lair:1   | Noticed a five-headed hydra
 16709 | Lair:1   | Killed a five-headed hydra
 16781 | D:11     | Reached skill level 10 in Fighting
 16923 | Lair:1   | Reached ***** piety under Okawaru
 17123 | Lair:1   | Found a dark tunnel.
 17128 | Volcano  | Entered a volcano
 17462 | Volcano  | Found a bloodstained altar of Trog.
 17462 | Volcano  | Noticed a sun demon
 17471 | Volcano  | HP: 2/98 [hell hound/blast of flame (13)]
 17472 | Volcano  | Mangled by a sun demon

Vault maps used:
D:1:      ldierk_walled_garden, grunt_decor_cap
D:2:      eat_drink_and_be_merry_uskayaw
D:3:      minivault_14, kennysheep_generic_room_9, uniq_terence
D:4:      nicolae_qazlal_eye_of_the_storm, minmay_temple_entry_statues_pillars,
          uniq_crazy_yiuf_cottage, uniq_pikel, uniq_iyjb
D:5:      first_bread, guppyfry_early_lair_pool
D:6:      lemuel_round_altar, slow_altar_1, serial_shops, nicolae_shop_stone
D:7:      overflow_temple_1_default, overflow_temple_1_default, uniq_duvessa,
          uniq_prince_ribbit1
D:8:      cheibrodos_grave_circle, okawaru_altar_gauntlet_db, the_bakery
D:9:      gammafunk_temple_overflow_elements, xom_redecorated, uniq_maurice
D:10:     minmay_lizard_king
D:11:     david_lair_generic, serial_shops, nicolae_shop_crystal, basic_altar
D:12:     david_orc_5, uniq_sonja
Temple:   nicolae_temple_god_jail
Lair:1:   enter_volcano_4, st_stairs_3
Volcano:  volcano_lake

Skill      XL: |  1  2  3  4  5  6  7  8  9 10 11 12 |
---------------+-------------------------------------+-----
Polearms       | 4 6 7 10 13 16 18 20 | 20.0
Hexes          | 1 2 |  2.4
Charms         | 4 5 |  5.5
Necromancy     | 1 2 |  2.0
Fighting       | 5 7 10 | 10.4
Invocations    | 4 5 |  5.3
Dodging        | 5 9 |  9.4
Armour         | |  0.6
Spellcasting   | |  2.0

Action                   |  1- 3 |  4- 6 |  7- 9 | 10-12 || total
-------------------------+-------+-------+-------+-------++-------
Melee: Spear             |    84 |       |       |       ||    84
       Trident           |    63 |   154 |       |     6 ||   223
       Glaive            |       |    34 |   221 |   597 ||   852
 Cast: Infusion          |    16 |     9 |       |       ||    25
       Spectral Weapon   |       |     7 |    26 |    49 ||    82
       Regeneration      |       |       |     3 |     7 ||    10
Invok: Heroism           |       |       |       |     1 ||     1
  Use: Potion            |       |     2 |     1 |     2 ||     5
       Scroll            |       |     1 |    14 |     5 ||    20
 Stab: Sleeping          |       |     1 |     1 |       ||     2
       Distracted        |       |       |     1 |     5 ||     6
  Eat: Chunk             |     4 |     8 |    19 |    28 ||    59
       Royal jelly       |       |     1 |       |       ||     1
       Meat ration       |       |       |     1 |       ||     1
       Fruit             |       |       |       |     1 ||     1
Armor: Leather armour    |    30 |    22 |       |       ||    52
       Skin              |       |     8 |       |       ||     8
       Chain mail        |       |    23 |       |       ||    23
       Robe              |       |     7 |    47 |     8 ||    62
       Ring mail         |       |       |       |   117 ||   117
       Troll leather arm |       |       |       |    12 ||    12
Dodge: Dodged            |    72 |    76 |   103 |   269 ||   520
